AoeStats
← gmcornejo

Runestones

507379171Analyzed
1v1 RM · 14d ago on Sep 18, 2026· 39m 8s· 2 players
Game mode
Random Map
Map size
Tiny (2 player)
Population
200
Speed
Normal
Resources
Standard
Victory
Conquest
Starting age
Dark Age
Ending age
Imperial Age
RankedLock teamsTeams togetherTeam positionsShared explorationLock speedFull tech treeHidden civsTurbo modeCheats
Victory
Defeat
🇦🇷 Lithuanians · Argentina
940
+16
🇧🇷 Khmer · Brazil
938
-16
flavioneves9
0:26 Loom
12:02 Feudal Age
12:26 Horse Collar
15:56 Double-Bit Axe
22:14 Castle Age
28:12 Gold Mining
29:49 Wheelbarrow
35:39 Imperial Age
33:46 Bow Saw
33:42 Scale Mail Armor
33:46 Stone Mining
34:49 Pikeman
35:32 Husbandry
36:32 Double Crossbow
36:56 Elite Ballista Elephant
38:57 Conscription
38:00 Halberdier
38:01 Man-at-Arms
gmcornejo
6:38 Loom
9:36 Feudal Age
10:24 Double-Bit Axe
10:30 Horse Collar
14:10 Wheelbarrow
20:26 Castle Age
22:33 Bow Saw
29:04 Bloodlines
29:05 Scale Barding Armor
29:11 Forging
28:54 Fletching
29:52 Hand Cart
33:59 Imperial Age
32:42 Iron Casting
33:16 Heavy Plow
35:01 Chain Barding Armor
34:40 Cavalier
34:56 Cavalier
35:51 Husbandry
36:25 Crop Rotation
36:39 Plate Barding Armor
37:08 Two-Man Saw
36:18 Paladin
38:26 Bodkin Arrow
Connection lost

Rejoining the realm…

Still unreachable

The connection could not be restored.

Session expired

The server has moved on; the page needs a fresh start.